Map: Dragon Scales LE

Players

dumblogic

  • Race: Terran Terran
  • League: Diamond
  • Spawn Location: 11:00

Yorkie - Winner!

  • Race: Zerg Zerg
  • League: Diamond
  • Spawn Location: 5:00

VOD

Have the link to the VOD?

Description

Hatch, gas, pool, gas,
queen in main, natural into lair
overlords to next to enemy main
drop 2-4 banes + 12-20 speedlings at 4 mins
pull some off gas as you drop for more minerals
rally and usually win,
if you do enough damage you can go into muta or nydus with queens
have fun

Time

  • Played on: Sept. 22, 2023, 8:35 p.m.
  • Length: 6:34
Show
View Real Time Build Order
Export as new Build Order

dumblogic Terran 

Build Orders:  

Get SALT Encoding   

  12  0:00  SCV  
  13  0:12  SCV  
  14  0:17  Supply Depot  
  14  0:25  SCV  
  15  0:39  SCV, Barracks  
  16  0:44  Refinery  
  16  0:51  SCV  
  17  1:03  SCV  
  18  1:15  SCV  
  19  1:27  SCV  
  19  1:28  Reaper  
  21  1:39  Orbital Command  
  21  1:47  Command Center  
  21  2:00  Supply Depot  
  21  2:02  Marine  
  21  2:05  SCV  
  23  2:22  SCV  
  24  2:31  Factory  
  24  2:34  SCV  
  25  2:46  SCV  
  25  2:48  Marine  
  27  2:54  Command Center  
  27  2:58  SCV  
  27  2:59  Orbital Command  
  27  3:03  Refinery  
  28  3:06  Marine  
  29  3:13  SCV  
  30  3:22  Bunker, Widow Mine  
  30  3:24  Marine  
  30  3:26  SCV  
  34  3:27  SCV  
  35  3:35  Factory  
  35  3:38  SCV  
  36  3:47  Bunker  
  36  3:49  SCV, Factory Tech Lab  
  37  3:55  Marine  
  38  4:03  Starport  
  38  4:07  Orbital Command  
  41  4:17  Siege Tank  
  17  4:39  SCV  
  17  4:40  SCV  
  18  4:51  SCV  
  19  4:57  SCV  
  20  5:05  SCV x2  
  21  5:16  Marine  
  20  5:28  Hellion  
  20  5:29  Hellion  
  20  5:34  Marine  
  23  5:52  Marine  
  12  6:10  Marine  
Show
View Real Time Build Order
Export as new Build Order

Yorkie Zerg - Winner!

Build Orders: Hatch First 

Get SALT Encoding   

  12  0:00  Drone  
  13  0:08  Drone  
  14  0:15  Drone, Extractor  
  15  0:38  Hatchery  
  14  0:44  Extractor  
  14  0:45  Drone  
  14  0:48  Overlord  
  15  1:06  Drone x2  
  15  1:10  Extractor  
  16  1:12  Spawning Pool  
  16  1:16  Drone  
  16  1:26  Drone  
  17  1:34  Drone  
  17  1:39  Drone  
  19  1:56  Overlord  
  19  2:00  Zergling x2, Queen  
  19  2:01  Queen  
  22  2:03  Zergling x2  
  25  2:21  Baneling Nest  
  24  2:23  Drone  
  24  2:26  Drone, Extractor  
  24  2:27  Drone x2  
  27  2:42  Drone  
  28  2:44  Zergling x2  
  28  2:45  Zergling x4  
  28  2:47  Metabolic Boost  
  31  2:59  Lair  
  31  3:08  Overlord  
  31  3:23  Pneumatized Carapace  
  31  3:25  Zergling x2  
  31  3:26  Zergling x4  
  34  3:36  Zergling x6  
  34  3:37  Zergling x2  
  38  3:51  Baneling x4  
  38  3:58  Spore Crawler  
  37  4:20  Zergling x2  
  37  4:21  Zergling x12  
  38  4:41  Zergling x14  
  41  5:03  Zergling x2, Baneling  
  41  5:04  Baneling x4  
  41  5:07  Overlord  
  39  5:28  Drone x10, Spore Crawler  
  45  5:49  Zergling x4  
  44  5:58  Zergling x4  
  44  6:03  Zergling x2  
Tags
 
Add a new tag
Caveats
  • Supply blocks, unpowered buildings, or Contaminate may cause inaccurate times.
  • Supply counts are checked every 10 seconds.